 Dungeon Crawl Stone Soup version 0.32-a0-392-gb00f77f (webtiles) character file.

Game seed: 16465237223234288996

4 Dorkslayer the Ruffian (level 1, -1/15 HPs)
             Began as a Human Shapeshifter on Feb 19, 2024.
             Slain by a goblin
             ... wielding a +0 club
              (4 damage)
             ... on level 1 of the Dungeon.
             The game lasted 00:00:13 (72 turns).

Dorkslayer the Ruffian (Human Shapeshifter)           Turns: 72, Time: 00:00:14

Health: -1/15      AC:  2    Str: 14    XL:     1   Next: 70%
Magic:  1/1        EV: 12    Int: 10    God:
Gold:   0          SH:  0    Dex: 12    Spells: 0/0 levels left

rFire   . .          .
                       - Unarmed
rCold   . . .        (no shield)
rNeg    . . .        a - +0 animal skin
rPois   .            (helmet currently unavailable)
rElec   .            (cloak currently unavailable)
rCorr   .            (gloves currently unavailable)
SInv    .            (boots currently unavailable)
Will    .....        (no amulet)
Stlth   +            (no ring)
HPRegen 0.22/turn    (no ring)
MPRegen 0.07/turn

%: no passive effects
@: beast-form
A: beast (slay +1), explore regen
a: Begin Untransformation


You were on level 1 of the Dungeon.
You were a hulking beast.
You visited 1 branch of the dungeon, and saw 1 of its levels.

Inventory:

Armour
 a - a +0 animal skin (worn)
Talismans
 c - a beast talisman (active)
 d - a flux talisman
Potions
 b - a potion of lignification
 e - a potion of curing {unknown}


   Skills:
 + Level 1.0 Fighting
 + Level 2.0 Dodging
 * Level 3.3 Unarmed Combat
 + Level 3.0 Shapeshifting


You couldn't memorise any spells.
You didn't know any spells.
Your spell library was empty.

Dungeon Overview and Level Annotations

Branches:
Dungeon (1/15)

Altars:


Innate Abilities, Weirdness & Mutations

You are a hulking beast.
Your limbs bulge with bestial killing power. (Slay +1)
You regain HP and MP as you explore.


Message History

The hobgoblin is almost dead.
The hobgoblin hits you.
You hit the hobgoblin but do no damage. You punch the hobgoblin.
You kill the hobgoblin!
e - an emerald potion As you open the door, it creaks loudly!
You hear a shout!
You hit the frilled lizard.
You kill the frilled lizard!
A goblin comes into view. It is wielding a +0 club.
The goblin shouts!
You hit the goblin.
The goblin is heavily wounded.
The goblin barely misses you.
You completely miss the goblin.
The goblin is heavily wounded.
The goblin hits you with a +0 club.
You hit the goblin.
The goblin is severely wounded.
The goblin hits you with a +0 club.
You barely miss the goblin.
The goblin is severely wounded.
The goblin hits you with a +0 club.
You closely miss the goblin.
The goblin is severely wounded.
The goblin hits you with a +0 club.
You closely miss the goblin.
The goblin is severely wounded.
A rat comes into view.
The goblin hits you with a +0 club.
You closely miss the goblin.
The goblin is severely wounded.
The goblin completely misses you.
You closely miss the goblin.
The goblin is severely wounded.
The goblin hits you with a +0 club.
* * * LOW HITPOINT WARNING * * *
You closely miss the goblin.
The goblin is severely wounded.
The goblin hits you with a +0 club.
You die...

.. .. #.## ..#+##... .##.#
#......# #....# #......#
..#.. #......# . #...#
#......####.# .. #..#
#....g.'....# ...
#.####.....h######....
#....+................
####.#..#................
##.......#............###
#..####.........#.........
##.## ##....#####.........
#..# ##....# #.........
#.## ####.# #.........
#.## #.# #######..#


You could see a goblin.

Vanquished Creatures
  A hobgoblin (D:1)
  A frilled lizard (D:1)
  A rat (D:1)
3 creatures vanquished.

Notes
Turn   | Place    | Note
-------+----------+-------------------------------------------
     0 | D:1      | Dorkslayer the Human Shapeshifter began the quest for the
                  | Orb.
     0 | D:1      | Reached XP level 1. HP: 15/15 MP: 1/1
    72 | D:1      | Slain by a goblin

Illustrated notes

Levels and vault maps discovered:
D:1:      saegor_arrival_under_anarchy, layout_basic

Action                     || total
---------------------------++-------
  Melee: Unarmed           ||    13
         Punch             ||     1
 Armour: Animal skin       ||     9
  Dodge: Dodged            ||     3

Table legend: (Time is in decaauts)
 A = Elapsed time spent in this place.
 B = Non-inter-level travel time spent in this place.
 C = Inter-level travel time spent in this place.
 D = Time resting spent in this place.
 E = Time spent auto-exploring this place.
 F = Levels seen in this place.
 G = Mean time per level.
                   A        B        C        D        E       F      G
               +--------+--------+--------+--------+--------+-----+--------+
         Total |     71 |     71 |      0 |      0 |     34 |   1 |   71.0 |
       Dungeon |     71 |     71 |      0 |      0 |     34 |   1 |   71.0 |
               +--------+--------+--------+--------+--------+-----+--------+

Top non-repeatable levels by time:
     D:1: 71 daAuts
